 Dungeon Crawl Stone Soup version 0.29.1-12-g30fa7ad0bf (webtiles) character file.

Game seed: 911526156766223386

97 Linkola the Conjurer (level 4, -4/24 HPs)
             Began as a Deep Elf Conjurer on Dec 31, 2022.
             Killed from afar by an orc wizard (7 damage)
             ... with a puff of flame
             ... on level 2 of the Dungeon on Jan 1, 2023.
             The game lasted 00:08:48 (1863 turns).

Linkola the Conjurer (Deep Elf Conjurer)            Turns: 1863, Time: 00:08:49

Health: -4/24      AC:  3    Str:  4    XL:     4   Next: 42%
Magic:  1/11       EV: 12    Int: 25    God:
Gold:   135        SH:  0    Dex: 13    Spells: 0/10 levels left

rFire   . . .      SeeInvis .   (no weapon)
rCold   . . .      Faith    .   (no shield)
rNeg    . . .      Spirit   .   m - +0 animal skin
rPois   .          Reflect  .   k - +0 helmet
rElec   .          Harm     .   (no cloak)
rCorr   .          Rampage  .   (no gloves)
Will    .....                   (no boots)
Stlth   ++........              (no amulet)
HPRegen 0.08/turn               (no ring)
MPRegen 0.12/turn               (no ring)

@: no status effects
A: no striking features
a: no special abilities


You were on level 2 of the Dungeon.
You visited 1 branch of the dungeon, and saw 3 of its levels.

You collected 135 gold pieces.

Inventory:

Hand Weapons
 l - a +1 vampiric falchion
Armour
 j - an orb of guile
 k - a +0 helmet (worn)
 m - a +0 animal skin (worn)
Scrolls
 a - 3 scrolls of amnesia
 f - a scroll of fear
Potions
 b - a potion of magic
 c - a potion of cancellation {unknown}
 e - 2 potions of mutation {unknown}
 g - 4 potions of heal wounds {unknown}
 h - a potion of degeneration {unknown}


   Skills:
 + Level 2.5 Dodging
 + Level 2.7 Stealth
 + Level 3.8 Spellcasting
 + Level 5.9 Conjurations
 * Level 1.3 Hexes


You couldn't memorise any spells.
You knew the following spells:

 Your Spells              Type           Power      Damage    Failure   Level
a - Magic Dart            Conj           100%       1d8       1%          1
b - Searing Ray           Conj           68%        2d6       1%          2
c - Dazzling Flash        Conj/Hex       44%        N/A       6%          3
d - Fulminant Prism       Conj/Hex       11%        3d9       22%         4

Your spell library contained the following spells:

 Spells                   Type           Power      Damage    Failure   Level
 Gell's Gravitas          Tloc           4%         N/A       28%         3
 Lesser Beckoning         Tloc           4%         N/A       28%         3
 Teleport Other           Tloc           4%         N/A       28%         3
 Hailstorm                Conj/Ice       19%        3d6       28%         4
 Iskenderun's Mystic Bla  Conj/Tloc      19%        2d6       28%         4
 Ice Form                 Ice/Tmut       4%         N/A       67%         4
 Simulacrum               Ice/Necr       2%         N/A       100%        6


Dungeon Overview and Level Annotations

Branches:
Dungeon (3/15)

Altars:
Yredelemnul

Shops:
D:2 :


Message History

The slug dart hits you. Something hits you but does no damage.
There is a stone staircase leading up here.
Something hits you.
You climb upwards.
Reactivating autopickup.
There is a stone staircase leading down here.
You see here a +1 short sword of speed.
Welcome back, Linkola the Deep Elf Conjurer.
Press ? for a list of commands and other information.
You start resting.
You hear some strange, mumbled words.
A magic dart appears from out of thin air!
Deactivating autopickup; reactivate with Ctrl-A.
The magic dart hits you.
There is a strange disturbance nearby!
Aiming: Magic Dart (safe; 1% risk of failure)
Press: ? - help, Q - select action, (/) - cycle Shift-Dir - straight line The magic dart hits something but does no damage.
Something hits you but does no damage.
You miss something.
You hear some strange, mumbled words.
A magic dart appears from out of thin air!
The magic dart hits you.
You miss something.
You hear some strange, mumbled words.
A magic dart appears from out of thin air!
The magic dart hits you.
You miss something. Something hits you.
* * * LOW HITPOINT WARNING * * *
Something barely misses you. Something hits you.
* * * LOW HITPOINT WARNING * * *
Something hits you.
* * * LOW HITPOINT WARNING * * *
You hear some strange, mumbled words.
Something tries to affect you, but you resist.
A puff of flame appears from out of thin air!
The puff of flame hits you!
You die...

#.## #.#.....# #....##.#
#..###.....#.#######..##.#
##...#...###......##.....#
###.#)### ########..#####
######.#.# #...g...#
#........# #####.#####.#
#........#######...#.# #÷#
#.......>....{.......#####)#
#.......########@..##...÷#÷#
#..........# #...##.)..#.#
######.....# #.........#.###
#.....######..)........[###
#........# #.....###..)...#
#........# ####### #..).#.#
#####....# #....#.# #....#
#....#.# #....# #....#.#


There were no monsters in sight!

Vanquished Creatures
  An orc wizard (D:3)
  Robin (D:2)
  A dart slug (D:1)
  2 orcs (D:3)
  3 endoplasms
  2 giant cockroaches
  10 goblins
  9 hobgoblins
  4 jackals (D:2)
  2 kobolds
  2 quokkas
  4 ball pythons
  3 bats
  5 frilled lizards
  4 rats
53 creatures vanquished.

Vanquished Creatures (others)
  A fulminant prism (D:3)
1 creature vanquished.

Grand Total: 54 creatures vanquished

Notes
Turn   | Place    | Note
-------+----------+-------------------------------------------
     0 | D:1      | Linkola the Deep Elf Conjurer began the quest for the Orb.
     0 | D:1      | Reached XP level 1. HP: 10/10 MP: 6/6
   145 | D:1      | Reached XP level 2. HP: 15/15 MP: 0/8
   148 | D:1      | Learned a level 2 spell: Searing Ray
   333 | D:1      | Reached skill level 5 in Conjurations
   819 | D:2      | Noticed Robin
  1041 | D:2      | Killed Robin
  1042 | D:2      | Reached XP level 3. HP: 19/19 MP: 1/9
  1046 | D:2      | Learned a level 3 spell: Dazzling Flash
  1690 | D:2      | Found Ijonoin's Book Boutique.
  1726 | D:3      | Found a basalt altar of Yredelemnul.
  1777 | D:3      | Reached XP level 4. HP: 24/24 MP: 7/11
  1820 | D:3      | Learned a level 4 spell: Fulminant Prism
  1843 | D:3      | Reached skill level 1 in Hexes
  1863 | D:2      | Killed from afar by an orc wizard

Illustrated notes

Levels and vault maps discovered:
D:1:      dpeg_arrival_orchard, layout_rooms, minmay_misc_feat_nine_boxes
D:2:      layout_basic, serial_shops, nicolae_square_shop, uniq_robin
D:3:      layout_basic, riverfiend_overflow_shadow_ancestor, marbit_many_paths,
          serial_shops, shop, chequers_serial_rivers_room_b, minmay_mini_jars

Skill      XL: |  1  2  3  4 |
---------------+-------------+-----
Conjurations   | 5 |  5.9
Hexes          | 1 |  1.3
Dodging        | |  2.5
Stealth        | |  2.7
Spellcasting   | |  3.8

Action                   |  1- 3 |  4- 6 || total
-------------------------+-------+-------++-------
Melee: Unarmed           |     3 |     3 ||     6
 Cast: Magic Dart        |    63 |     6 ||    69
       Searing Ray       |     6 |     1 ||     7
       Fulminant Prism   |       |     1 ||     1
  Use: Scroll            |     6 |       ||     6
Armor: Animal skin       |     1 |     2 ||     3
Dodge: Dodged            |     5 |     3 ||     8
